 Dungeon Crawl Stone Soup version 0.26.0-10-g1f06aea511 (webtiles) character file.

Game seed: 7820826489432010081

6547 vatarom the Cruncher (level 10, -7/82 HPs)
             Began as a Demonspawn Gladiator on Jan 17, 2021.
             Was a Priest of Wu Jian.
             Mangled by Snorg (19 damage)
             ... on level 10 of the Dungeon.
             The game lasted 00:24:28 (12322 turns).

vatarom the Cruncher (Demonspawn Gladiator)        Turns: 12322, Time: 00:24:29

Health: -7/82      AC: 10    Str: 14    XL:     10   Next: 70%
Magic:  10/10      EV: 19    Int:  8    God:    Wu Jian [***...]
Gold:   441        SH:  0    Dex: 22    Spells: 9/9 levels left

rFire    . . .     SeeInvis .   a - +2 quarterstaff
rCold    . . .     Faith    .   (shield currently unavailable)
rNeg     . . .     Spirit   .   A - +0 steam dragon scales
rPois    .         Reflect  .   (helmet unavailable)
rElec    .         Harm     .   e - +0 cloak
rCorr    .         Rampage  .   n - +0 pair of gloves of Autumn {Str-2 Dex+6}
Will     +....                  k - +0 pair of boots
Stlth    ++........             (no amulet)
HPRegen  0.23/turn              v - +4 ring of evasion
MPRegen  0.12/turn              q - ring of willpower

@: exhausted
A: horns 3, rugged brown scales 1, blink, demonic guardian 1, dopey 1, sense
surroundings 1, miasma immunity
a: Blink, Renounce Religion, Wall Jump, Serpent's Lash


You were on level 10 of the Dungeon.
You worshipped Wu Jian.
Wu Jian was most pleased with you.
You visited 3 branches of the dungeon, and saw 12 of its levels.

You collected 441 gold pieces.

Inventory:

Hand Weapons
 a - a +2 quarterstaff (weapon)
Missiles
 l - 452 stones
 o - 4 silver javelins
 r - 7 boomerangs
 u - 3 javelins (quivered)
 D - 2 throwing nets {!f}
Armour
 e - a +0 cloak (worn)
 k - a +0 pair of boots (worn)
 n - the +0 pair of gloves of Autumn (worn) {Str-2 Dex+6}
   (You found it on level 4 of the Dungeon)

   It affects your strength (-2).
   It affects your dexterity (+6).
 A - +0 steam dragon scales (worn)
Jewellery
 f - an uncursed ring of protection from fire
 q - a ring of willpower (right hand)
 v - a +4 ring of evasion (left hand)
 w - an uncursed ring of wizardry
 C - an uncursed ring of flight
Wands
 d - a wand of random effects (6)
 i - a wand of polymorph (8)
 B - a wand of disintegration (17)
Scrolls
 c - 2 scrolls of identify {@r1}
 p - 4 scrolls of teleportation {@r3}
 s - 5 scrolls of remove curse {@r2}
 t - 3 scrolls of fog
 x - 2 scrolls of immolation
 y - a scroll of fear
 z - a scroll of vulnerability {unknown}
Potions
 b - 2 potions of ambrosia
 h - 7 potions of curing {@q1}
 j - 3 potions of brilliance {@q6}
 m - 2 potions of cancellation


   Skills:
 + Level 8.2 Fighting
 - Level 10.1 Staves
 - Level 6.6 Throwing
 + Level 5.4 Armour
 + Level 3.6 Dodging


You had 9 spell levels left.
You didn't know any spells.
Your spell library contained the following spells:

 Spells                   Type           Power        Failure   Level
 Freeze                   Ice            0%           41%         1
 Sting                    Tmut/Pois      0%           41%         1
 Poisonous Vapours        Pois/Air       0%           54%         2
 Frozen Ramparts          Ice            0%           78%         3
 Ignite Poison            Fire/Tmut/Pois 0%           78%         3
 Mephitic Cloud           Conj/Pois/Air  0%           78%         3
 Ozocubu's Armour         Ice            0%           78%         3
 Hailstorm                Conj/Ice       0%           99%         4
 Leda's Liquefaction      Hex/Erth       0%           99%         4
 Olgreb's Toxic Radiance  Pois           0%           99%         4
 Summon Ice Beast         Ice/Summ       0%           99%         4
 Bolt of Magma            Conj/Fire/Erth 0%           100%        5
 Iron Shot                Conj/Erth      0%           100%        6
 Statue Form              Tmut/Erth      0%           100%        6
 Shatter                  Erth           0%           100%        9


Dungeon Overview and Level Annotations

Branches:
Dungeon (10/15)            Temple (1/1) D:5            Lair (1/6) D:8
    Orc: D:9-12

Altars:
Ashenzari
Cheibriados
Dithmenos
Elyvilon
Fedhas
Gozag
Hepliaklqana
Kikubaaqudgha
Makhleb
Nemelex Xobeh
Okawaru
Qazlal
Ru
Sif Muna
Trog
Uskayaw
Vehumet
Wu Jian
Xom
Yredelemnul
Zin
The Shining One

Annotations:
D:10 Snorg


Innate Abilities, Weirdness & Mutations

You have a pair of large horns on your head.
You are partially covered in rugged brown scales. (AC +1, +3% HP)
A weak demonic guardian rushes to your aid.
You are immune to miasma.
You can translocate small distances at will.
You are dopey. (Int -2)
You passively map a small area around you.


Message History

Snorg bites you! Snorg closely misses you. Snorg misses you.
You hit Snorg.
Snorg is severely wounded.
Snorg misses you. Snorg claws you but does no damage. Snorg claws you!
Your supernatural speed expires.
You lunge at Snorg.
You barely miss Snorg.
Snorg is severely wounded.
Snorg completely misses you. x2; Snorg claws you.
Snorg misses you. Snorg barely misses you. x2
Snorg rages.
Snorg completely misses you. Snorg claws you but does no damage.
Snorg claws you!
Your white imp gestures at Snorg.
The puff of frost hits Snorg!
You sock Snorg!
Snorg is almost dead.
Snorg bites you. Snorg claws you!
* * * LOW HITPOINT WARNING * * *
Snorg claws you!!
You die...

*########..
*
,.........##
..........##
*
####...##.##
##...####.##
, #...##
##.## ##..##
#..## #...#
##..##
##..###
##5@## *
##..#..#
##.T##
#......#
##?°##
#......#
##..##
.......#
##..##
.......#
##..## ,
.......#
#...##
.......#
#....#*
.......#
#$...(#*


You could see Snorg (berserk) and a friendly white imp (summoned).

Vanquished Creatures
  Harold (D:8)
  An unseen horror (D:9)
  Joseph (D:8)
  A cane toad (D:8)
  Maggie (D:6)
  2 trolls
  Sigmund (D:6)
  A steam dragon (D:8)
  A sky beast (D:4)
  3 black bears
  A phantom (D:6)
  An ogre (D:4)
  A centaur (D:6)
  5 wolves
  A big kobold (D:8)
  3 bullfrogs
  3 wyvern zombies
  A jelly (D:6)
  4 scorpions
  8 wights (D:9)
  2 electric eels (D:8)
  2 bullfrog skeletons
  A centaur skeleton (D:4)
  2 orc priests
  A gnoll shaman (D:4)
  6 hounds
  Crazy Yiuf (D:4)
  3 iguanas
  Natasha (twice) (D:3)
  5 orc wizards
  11 worker ants
  A killer bee zombie (D:6)
  A hound skeleton (D:7)
  Robin (D:2)
  11 adders
  2 gnolls (D:4)
  A shadow imp (D:6)
  3 white imps
  An ooze (D:4)
  2 ufetubi
  2 adder skeletons
  7 worms
  2 dart slugs
  4 leopard geckos
  21 orcs
  4 ball pythons
  11 bats
  5 giant cockroaches
  13 goblins
  5 hobgoblins
  17 jackals
  7 quokkas
  2 frilled lizards
  16 kobolds
  A quokka zombie (D:5)
  13 rats
230 creatures vanquished.

Vanquished Creatures (collateral kills)
  2 sky beasts
  A centaur (D:6)
  3 ogres
  2 hounds (D:8)
  2 worker ants
  3 gnolls (D:3)
  2 orcs (D:3)
15 creatures vanquished.

Grand Total: 245 creatures vanquished

Notes
Turn   | Place    | Note
-------+----------+-------------------------------------------
     0 | D:1      | vatarom the Demonspawn Gladiator began the quest for the
                  | Orb.
     0 | D:1      | Reached XP level 1. HP: 16/16 MP: 1/1
     1 | D:1      | Found a runed translucent door.
   101 | D:1      | Gained mutation: You are partially covered in rugged brown
                  | scales. (AC +1, +3% HP) [demonic ancestry]
   101 | D:1      | Reached XP level 2. HP: 7/22 MP: 2/2
   392 | D:1      | Reached skill level 3 in Staves
   787 | D:1      | Gained mutation: You have a pair of small horns on your
                  | head. [demonic ancestry]
   787 | D:1      | Reached XP level 3. HP: 28/28 MP: 3/3
  1418 | D:2      | Noticed Robin
  1452 | D:2      | Killed Robin
  1455 | D:2      | Gained mutation: A weak demonic guardian rushes to your
                  | aid. [demonic ancestry]
  1455 | D:2      | Reached XP level 4. HP: 24/35 MP: 4/4
  2060 | D:2      | Reached skill level 4 in Staves
  2225 | D:2      | Found a blossoming altar of Fedhas.
  2227 | D:2      | Found an ornate altar of the Wu Jian Council.
  2230 | D:2      | Found a shimmering blue altar of Sif Muna.
  2231 | D:2      | Found a shadowy altar of Dithmenos.
  2231 | D:2      | Found a glowing silver altar of Zin.
  2231 | D:2      | Found a snail-covered altar of Cheibriados.
  2232 | D:2      | Found an opulent altar of Gozag.
  2233 | D:2      | Found a sparkling altar of Nemelex Xobeh.
  2235 | D:2      | Found a glowing golden altar of the Shining One.
  2237 | D:2      | Found a hide-covered altar of Uskayaw.
  2311 | D:2      | Became a worshipper of the Wu Jian Council
  2559 | D:3      | Gained mutation: You are immune to miasma. [demonic
                  | ancestry]
  2559 | D:3      | Reached XP level 5. HP: 42/42 MP: 5/5
  2626 | D:3      | Noticed a black bear
  2697 | D:3      | HP: 1/42 [orc priest/divine providence (12)]
  2708 | D:2      | Killed a black bear
  3161 | D:3      | Noticed Natasha
  3170 | D:3      | Killed Natasha
  3171 | D:3      | Gained mutation: You have a pair of horns on your head.
                  | [demonic ancestry]
  3171 | D:3      | Reached XP level 6. HP: 33/49 MP: 6/6
  3189 | D:3      | Reached skill level 5 in Staves
  3482 | D:3      | Gained mutation: Scrolls take you a little longer to read.
                  | [potion of mutation]
  3482 | D:3      | Gained mutation: You can translocate small distances at
                  | will. [potion of mutation]
  3483 | D:3      | Lost mutation: Scrolls take you a little longer to read.
                  | [potion of mutation]
  3483 | D:3      | Gained mutation: You are dopey. (Int -2) [potion of
                  | mutation]
  3483 | D:3      | Gained mutation: You passively map a small area around you.
                  | [potion of mutation]
  3511 | D:3      | Noticed Natasha
  3516 | D:3      | Killed Natasha
  3656 | D:4      | Reached * piety under Wu Jian
  3759 | D:4      | Found a runed translucent door.
  3760 | D:4      | Noticed Crazy Yiuf
  3771 | D:4      | Killed Crazy Yiuf
  3927 | D:4      | Got a pair of heavily runed gloves
  3933 | D:4      | Identified the +0 pair of gloves of Autumn {Str-2 Dex+6}
                  | (You found it on level 4 of the Dungeon)
  3970 | D:4      | Reached XP level 7. HP: 22/56 MP: 7/7
  4453 | D:4      | Reached skill level 6 in Staves
  4607 | D:4      | Reached skill level 5 in Fighting
  5200 | D:5      | Entered Level 5 of the Dungeon
  5206 | D:5      | Gained mutation: You have a pair of large horns on your
                  | head. [demonic ancestry]
  5206 | D:5      | Reached XP level 8. HP: 63/63 MP: 8/8
  5342 | D:5      | Found a staircase to the Ecumenical Temple.
  5349 | Temple   | Entered the Ecumenical Temple
  6603 | D:6      | Reached skill level 7 in Staves
  6691 | D:6      | Reached skill level 1 in Armour
  6745 | D:6      | Noticed Sigmund
  6796 | D:6      | Killed Sigmund
  7007 | D:6      | Found a broken altar of Ashenzari.
  7028 | D:6      | Found a shadowy altar of Dithmenos.
  7505 | D:6      | Noticed Maggie
  7515 | D:6      | Killed Maggie
  7516 | D:6      | Reached XP level 9. HP: 71/71 MP: 9/9
  7548 | D:6      | Got an ebony whip
  7549 | D:6      | Identified the cursed +2 whip "Brush" {elec, Will+} (You
                  | found it on level 6 of the Dungeon)
  7559 | D:6      | Reached ** piety under Wu Jian
  7582 | D:6      | Reached skill level 8 in Staves
  7903 | D:7      | Reached skill level 5 in Throwing
  8931 | D:8      | Noticed Harold
  8959 | D:8      | Noticed a troll
  9193 | D:8      | Killed Harold
  9194 | D:8      | Reached skill level 9 in Staves
  9194 | D:8      | Reached XP level 10. HP: 41/81 MP: 10/10
  9829 | D:8      | Found an iron altar of Okawaru.
  9888 | D:8      | Found a staircase to the Lair.
 10442 | D:8      | Noticed Joseph
 10468 | D:8      | Killed Joseph
 10687 | D:8      | Got a pair of distressingly furry gloves
 10760 | D:8      | Identified the +2 pair of gloves of Focoz {Int+2} (You
                  | found it on level 8 of the Dungeon)
 10871 | D:9      | Found a broken altar of Ashenzari.
 11291 | Lair:1   | Entered Level 1 of the Lair of Beasts
 11291 | Lair:1   | Noticed a cane toad
 11310 | D:8      | Killed a cane toad
 11311 | D:8      | Reached skill level 10 in Staves
 11681 | D:9      | Killed an unseen horror
 11682 | D:9      | Reached skill level 5 in Armour
 11952 | D:9      | Found a broken altar of Ashenzari.
 12009 | D:9      | Reached *** piety under Wu Jian
 12116 | D:9      | Found a sacrificial altar of Ru.
 12146 | D:10     | Entered Level 10 of the Dungeon
 12303 | D:10     | Noticed Snorg
 12322 | D:10     | Mangled by Snorg

Illustrated notes

Levels and vault maps discovered:
D:1:      dpeg_arrival_caged_fury, layout_basic, minmay_misc_feat_roman
D:2:      minmay_razor_zed, layout_loops_ring, minitemple, uniq_robin
D:3:      layout_basic, uniq_natasha
D:4:      layout_basic, uniq_crazy_yiuf_cottage
D:5:      layout_basic, minmay_temple_entry_statues_pillars, minivault_23,
          corexii_hall_statues_u, dk_rats_in_the_wall
D:6:      layout_basic, basic_altar, nicolae_dithmenos_shadow_blocks,
          uniq_maggie, uniq_sigmund
D:7:      layout_gridville
D:8:      layout_basic, overflow_temple_1_default, erik_lair_island,
          uniq_joseph, uniq_harold
D:9:      layout_loops_ring, lemuel_round_altar, hangedman_feature_mirror
D:10:     layout_cave_pods, serial_shops, nicolae_shop_window_shopping,
          uniq_maurice, uniq_snorg
Temple:   jpeg_temple_alley_garden
Lair:1:   layout_misc_corridors, st_stairs_10

Skill      XL: |  1  2  3  4  5  6  7  8  9 10 |
---------------+-------------------------------+-----
Throwing       | 2 3 4 5 6 |  6.6
Staves         | 3 4 5 6 7 9 10 | 10.1
Fighting       | 3 4 5 6 7 8 |  8.2
Armour         | 3 4 5 |  5.4
Dodging        | 3 |  3.6

Action                   |  1- 3 |  4- 6 |  7- 9 | 10-12 || total
-------------------------+-------+-------+-------+-------++-------
Melee: Quarterstaff      |   133 |   160 |   286 |   195 ||   774
       Headbutt          |     8 |    20 |    75 |    58 ||   161
Throw: Stone             |       |    10 |       |       ||    10
       Boomerang         |       |    22 |       |     7 ||    29
       Throwing net      |       |       |     3 |     2 ||     5
       Javelin           |       |       |       |     4 ||     4
Invok: Lunge             |       |    17 |    37 |    27 ||    81
       Whirlwind         |       |     1 |    43 |     9 ||    53
       Serpent's Lash    |       |       |       |     1 ||     1
 Abil: Wall Jump         |       |       |     3 |     3 ||     6
Evoke: Wand              |       |       |       |     1 ||     1
  Use: Scroll            |     4 |     6 |     4 |     5 ||    19
       Potion            |       |     7 |       |     2 ||     9
 Stab: Distracted        |       |       |     1 |       ||     1
       Sleeping          |       |       |     5 |     4 ||     9
       Held in net/web   |       |       |     3 |     4 ||     7
Armor: Leather armour    |    39 |    34 |    12 |       ||    85
       Ring mail         |       |       |    44 |    11 ||    55
       Steam dragon scal |       |       |       |    30 ||    30
Dodge: Dodged            |   108 |   169 |   194 |   111 ||   582
